 Dungeon Crawl Stone Soup version 0.27.1-33-g824d729ab1 (webtiles) character file.

Game seed: 1309193390079865093

28 walnutcon the Changer (level 3, -1/26 HPs)
             Began as a Merfolk Transmuter on Dec 21, 2021.
             Succumbed to an adder's poison
             ... on level 2 of the Dungeon.
             The game lasted 00:02:35 (1477 turns).

walnutcon the Changer (Merfolk Transmuter)          Turns: 1477, Time: 00:02:35

Health: -1/26      AC:  2    Str: 10    XL:     3   Next: 12%
Magic:  5/6        EV: 12    Int: 12    God:
Gold:   22         SH:  0    Dex: 15    Spells: 0/6 levels left

rFire    . . .     SeeInvis .     - Unarmed
rCold    . . .     Faith    .   (no shield)
rNeg     . . .     Spirit   .   a - +0 robe
rPois    .         Reflect  .   (helmet currently unavailable)
rElec    .         Harm     .   (no cloak)
rCorr    .         Rampage  .   (no gloves)
Will     .....                  (boots currently unavailable)
Stlth    +.........             (no amulet)
HPRegen  0.08/turn              (no ring)
MPRegen  0.10/turn              (no ring)

@: lethally poisoned (-1 -> -14), appendages
A: horns 2, (nimble swimmer 2), mertail
a: End Transformation


You were on level 2 of the Dungeon.
You had temporarily grown beastly horns.
You visited 1 branch of the dungeon, and saw 2 of its levels.

You collected 22 gold pieces.

Inventory:

Armour
 a - a +0 robe (worn)


   Skills:
 - Level 1.1 Fighting
 - Level 2.6 Dodging
 - Level 3.2 Unarmed Combat
 - Level 2.0 Spellcasting
 * Level 4.7 Transmutations


You couldn't memorise any spells.
You knew the following spells:

 Your Spells              Type           Power      Damage    Failure   Level
a - Beastly Appendage     Tmut           24%        N/A       4%          1
b - Wereblood             Tmut           12%        N/A       6%          2
c - Spider Form           Tmut/Pois      3%         N/A       30%         3

Your spell library contained the following spells:

 Spells                   Type           Power      Damage    Failure   Level
 Ice Form                 Ice/Tmut       6%         N/A       71%         4


Dungeon Overview and Level Annotations

Branches:
Dungeon (2/15)

Altars:


Innate Abilities, Weirdness & Mutations

You have temporarily grown beastly horns.
((You are quick and stealthy near water. (Stealth+, EV+, Speed+++)))
Your lower body shifts to a powerful aquatic tail in water.


Message History

This spell is extremely dangerous to cast!
Memorise Spider Form, consuming 3 spell levels and leaving 0?
You start memorising the spell.
You continue memorising.
The adder hisses angrily.
You continue memorising. x2
You finish memorising.
Spell assigned to 'c'.
Casting: Beastly Appendage (safe; 4% risk of failure)
Confirm with . or Enter, or press ? or * to list all spells.
You grow a pair of large bovine horns.
The adder bites you.
You are poisoned.
The adder poisons you!
You closely miss the adder.
You feel sick. The adder bites you.
You are more poisoned.
The adder poisons you! The adder bites you.
You are lethally poisoned!
The adder poisons you!
You are too injured to fight recklessly!
You are too injured to fight recklessly!
You closely miss the adder.
You feel very sick. The adder bites you.
You hit the adder.
The adder is moderately wounded.
* * * LOW HITPOINT WARNING * * *
You feel very sick. The adder bites you.
* * * LOW HITPOINT WARNING * * *
You are more poisoned.
The adder poisons you!
You aren't carrying any potions.
Okay, then.
As you read the scroll labelled KOMUDU DIOCVO, it crumbles to dust.
You speak a Word of immense power!
It was a scroll of holy word.
* * * LOW HITPOINT WARNING * * *
You feel very sick. The adder closely misses you.
As you read the scroll labelled ULOAFR ITEAB, it crumbles to dust.
It is a scroll of identify.
You don't have any unidentified items.
You die...

#.# #.# #.#
#####.# ...#.#
#####...#
.......S#####..
#@......#
#...#####
##)...#
#.†##...# #.<#
....# #..# #...
#.## #). ... ..
##.#


You could see an adder.

Vanquished Creatures
  2 dart slugs (D:1)
  3 ball pythons (D:1)
  2 bats (D:1)
  2 endoplasms (D:1)
  A giant cockroach (D:2)
  5 goblins
  A hobgoblin (D:1)
  2 quokkas
  A kobold (D:2)
  2 rats (D:1)
21 creatures vanquished.

Notes
Turn   | Place    | Note
-------+----------+-------------------------------------------
     0 | D:1      | walnutcon the Merfolk Transmuter began the quest for the
                  | Orb.
     0 | D:1      | Reached XP level 1. HP: 15/15 MP: 3/3
    27 | D:1      | Reached skill level 3 in Transmutations
   478 | D:1      | Reached XP level 2. HP: 20/21 MP: 3/5
   590 | D:1      | Reached skill level 4 in Transmutations
   949 | D:1      | Found a faded altar of an unknown god.
  1335 | D:2      | Reached XP level 3. HP: 14/26 MP: 4/6
  1441 | D:2      | Learned a level 2 spell: Wereblood
  1472 | D:2      | Learned a level 3 spell: Spider Form
  1476 | D:2      | HP: 1/26 [poisoned by an adder]
  1477 | D:2      | Succumbed to an adder's poison

Illustrated notes

Levels and vault maps discovered:
D:1:      psy_arrival_radial02, layout_basic,
          shapermc_ecumenical_altar_starsandcircs, minmay_misc_feat_ornament,
          minmay_strange_pillars
D:2:      layout_rooms, serial_shops, shop, basic_altar

Skill      XL: |  1  2 |
---------------+-------+-----
Transmutations | 3 4 |  4.7
Fighting       | |  1.1
Dodging        | |  2.6
Unarmed Combat | |  3.2
Spellcasting   | |  2.0

Action                   || total
-------------------------++-------
Melee: Unarmed           ||    67
       Headbutt          ||    10
 Cast: Beastly Appendage ||    15
  Use: Scroll            ||     2
 Stab: Sleeping          ||     1
Armor: Robe              ||    15
Dodge: Dodged            ||    34
